Map: Emerald City LE

Players

Massa - Winner!

  • Race: Terran Terran
  • League: Platinum
  • Spawn Location: 5:00

qqq - Winner!

  • Race: Protoss Protoss
  • League: Platinum
  • Spawn Location: 5:00

Weatherwax

  • Race: Terran Terran
  • Spawn Location: 11:00

Rhano

  • Race: Terran Terran
  • Spawn Location: 11:00

VOD

Have the link to the VOD?

Description

Time

  • Played on: Dec. 29, 2020, 4:50 p.m.
  • Length: 22:05
Show
View Real Time Build Order
Export as new Build Order

Massa Terran - Winner!

Build Orders: Reaper Expand 

Get SALT Encoding   

  12  0:01  SCV  
  13  0:13  SCV  
  14  0:19  Supply Depot  
  14  0:25  SCV  
  15  0:41  SCV  
  16  0:43  Barracks  
  16  0:54  Refinery, SCV  
  17  1:06  SCV  
  18  1:18  SCV  
  19  1:30  Orbital Command  
  19  1:44  Command Center  
  19  1:46  Reaper  
  20  1:56  SCV  
  21  2:10  Supply Depot  
  21  2:16  Factory  
  21  2:18  Marine  
  21  2:19  SCV  
  23  2:24  Refinery  
  23  2:31  SCV  
  24  2:45  SCV  
  25  2:56  Orbital Command  
  25  2:57  SCV  
  26  3:01  Starport  
  26  3:09  SCV  
  26  3:11  Marine  
  28  3:18  Factory Reactor  
  28  3:21  SCV  
  28  3:22  SCV  
  30  3:29  Marine  
  30  3:33  SCV, Supply Depot  
  33  3:34  SCV  
  33  3:36  Engineering Bay  
  33  3:37  Supply Depot  
  33  3:45  SCV  
  33  3:46  SCV  
  33  3:47  Barracks Tech Lab  
  35  3:50  Barracks  
  35  3:58  Barracks  
  35  4:04  Liberator x2  
  35  4:08  SCV x2  
  43  4:14  Marauder  
  45  4:20  SCV  
  45  4:22  Missile Turret  
  45  4:23  Missile Turret  
  46  4:26  Missile Turret  
  46  4:29  SCV  
  46  4:30  Missile Turret  
  47  4:32  SCV  
  47  4:34  Factory Tech Lab  
  47  4:35  Marine, Stimpack  
  49  4:42  SCV  
  49  4:44  SCV, Missile Turret  
  51  4:46  Refinery  
  51  4:52  Medivac  
  53  4:53  Marine  
  53  4:54  SCV  
  53  4:56  SCV  
  56  5:03  Viking  
  56  5:05  Barracks Tech Lab  
  56  5:06  SCV  
  59  5:09  Refinery  
  59  5:10  Marine  
  59  5:11  Marine  
  61  5:21  Command Center  
  61  5:23  SCV  
  62  5:31  Supply Depot  
  62  5:32  Supply Depot  
  62  5:52  SCV x2, Marine x2  
  66  6:03  Viking x2  
  70  6:13  Starport  
  49  6:42  Marine x2  
  49  6:43  Marauder  
  53  6:51  Starport Tech Lab  
  53  6:52  Siege Tank  
  56  7:00  Marauder  
  56  7:02  Command Center  
  56  7:04  Marauder  
  58  7:11  Barracks Reactor  
  58  7:15  Barracks  
  57  7:21  Marine  
  58  7:25  Siege Tank  
  58  7:26  Orbital Command  
  58  7:28  SCV  
  58  7:29  Missile Turret  
  62  7:30  Missile Turret  
  62  7:31  Missile Turret  
  62  7:40  SCV, Raven  
  62  7:41  Corvid Reactor  
  65  7:52  Combat Shield  
  65  7:55  Concussive Shells  
  65  7:59  Marauder, Marine  
  65  8:00  Marauder, Marine  
  71  8:13  Medivac  
  71  8:17  Marine x2  
  71  8:18  SCV x2  
  77  8:30  SCV x2, Missile Turret  
  79  8:34  Terran Infantry Weapons Level 1, Supply Depot  
  79  8:35  Supply Depot  
  79  8:37  Supply Depot x2  
  79  8:38  Armory  
  79  8:41  Engineering Bay  
  79  8:42  Barracks Tech Lab, SCV x2  
  81  8:50  Orbital Command  
  81  8:51  Missile Turret  
  81  8:54  SCV x2  
  83  8:59  Supply Depot  
  83  9:04  Command Center  
  83  9:06  SCV x2  
  85  9:11  Sensor Tower  
  85  9:15  Terran Infantry Armor Level 1  
  85  9:17  Sensor Tower  
  85  9:18  SCV, Marauder  
  85  9:19  Marauder, Marine  
  85  9:20  Marauder  
  85  9:21  Marine  
  94  9:37  Marine  
  95  9:39  Marauder  
  95  9:40  Siege Tank  
  95  9:41  Marauder x2  
  95  9:42  Terran Vehicle Weapons Level 1  
  104  9:46  SCV x2  
  104  9:47  SCV  
  107  9:57  Viking x2  
  107  9:58  SCV x2  
  107  9:59  SCV  
  114  10:00  Marine x2  
  114  10:01  Marauder  
  114  10:02  Marauder x2  
  114  10:05  Refinery  
  122  10:08  Refinery  
  122  10:10  SCV  
  122  10:11  SCV x2  
  125  10:17  Marine  
  125  10:18  Marine  
  127  10:23  SCV x3  
  127  10:24  Marauder x3  
  136  10:35  SCV, Marine x2  
  139  10:45  Marauder x2  
  143  10:51  Missile Turret  
  143  10:54  Orbital Command  
  143  10:56  SCV x3  
  146  11:04  Sensor Tower  
  146  11:12  Missile Turret  
  146  11:17  Sensor Tower  
  146  11:18  SCV x2  
  146  11:19  Sensor Tower  
  148  11:28  Supply Depot  
  148  11:29  Supply Depot  
  148  11:30  Supply Depot  
  148  11:32  Supply Depot  
  148  11:35  Missile Turret  
  148  11:38  Barracks, Missile Turret  
  148  11:40  Barracks  
  148  11:44  Refinery  
  148  11:45  Barracks  
  148  11:46  Barracks  
  148  11:49  Raven, Medivac x2  
  148  11:50  Marauder, Marine  
  148  11:51  SCV x3, Marauder x2  
  148  11:52  SCV, Siege Tank  
  148  11:53  Marine  
  169  11:54  Supply Depot  
  169  11:55  Missile Turret, Supply Depot  
  169  11:57  Terran Infantry Armor Level 2, Supply Depot  
  169  12:01  Terran Infantry Weapons Level 2  
  169  12:03  SCV  
  169  12:05  Terran Vehicle Weapons Level 2  
  170  12:15  Missile Turret  
  170  12:18  Refinery  
  170  12:21  Sensor Tower  
  170  12:24  Command Center, Siege Tank  
  173  12:32  Raven  
  175  12:46  Armory  
  175  12:51  Barracks Reactor x2, Barracks Tech Lab x2  
  175  12:56  Thor  
  181  13:02  Factory  
  181  13:03  Factory  
  181  13:13  Marauder x2  
  181  13:14  Marauder x2, Marine x3  
  181  13:16  Medivac x2  
  181  13:19  Raven  
  198  13:46  Medivac  
  200  13:50  Missile Turret  
  200  13:51  Missile Turret  
  200  13:52  Missile Turret  
  200  13:53  Missile Turret  
  200  14:12  Missile Turret  
  200  14:14  Missile Turret  
  155  14:51  Marauder  
  155  14:52  Marauder x4, Marine x6  
  142  15:10  Marine x4  
  142  15:12  Raven, Medivac x2  
  142  15:13  Marauder x5  
  150  15:34  Marauder, Planetary Fortress  
  150  15:35  Marauder x4  
  160  15:46  Command Center  
  156  15:54  Raven  
  156  15:55  Marauder  
  160  16:14  Marauder  
  160  16:15  Marauder x3, Marine x6  
  160  16:17  Marauder  
  176  16:33  Marine x6  
  176  16:36  Marauder x4  
  176  16:38  Marauder  
  192  16:50  Marine  
  192  16:51  Marine x3  
  194  16:57  Marauder x3  
  194  17:00  Marauder  
  197  17:18  Marauder  
  183  17:40  Marauder, Marine  
  183  17:41  Marauder x4  
  170  18:02  Marauder x5, Marine  
  170  18:04  Planetary Fortress  
  169  18:22  Raven  
  169  18:23  Marauder x2, Medivac x2  
  169  18:24  Marauder x3  
  185  18:32  Marine  
  170  18:44  Marauder  
  170  18:45  Marauder x2  
  176  18:53  Terran Infantry Weapons Level 3, Terran Infantry Armor Level 3  
  176  18:55  Terran Vehicle Weapons Level 3  
  173  18:57  Terran Vehicle And Ship Armor Level 1  
  173  19:05  Raven  
  173  19:07  Medivac x2  
  179  19:12  Refinery  
  179  19:13  Refinery  
  177  19:36  Factory Tech Lab x2  
  177  19:37  Medivac x2, Thor  
  187  19:47  Raven  
  169  20:07  Marauder x5, Marine  
  169  20:08  Thor x2  
  190  20:19  Thor  
  196  20:23  Missile Turret  
  198  20:28  Marauder  
  198  20:29  Marauder  
  198  20:31  Ghost Academy  
  198  20:34  Ghost Academy  
  198  20:42  Missile Turret  
  176  21:01  Missile Turret  
  176  21:02  Thor, Ghost Academy  
  148  21:06  Ghost Academy  
  142  21:21  Missile Turret  
  142  21:24  Medivac x2  
  160  21:41  Missile Turret  
  168  22:03  Missile Turret  
Show
View Real Time Build Order
Export as new Build Order

qqq Protoss - Winner!

Build Orders: Carriers, Dark Templar Rush 

Get SALT Encoding   

  12  0:01  Probe  
  13  0:17  Pylon  
  13  0:36  Gateway  
  13  0:41  Probe, Assimilator  
  14  0:53  Probe  
  15  1:03  Pylon  
  15  1:05  Probe  
  16  1:17  Probe, Pylon  
  17  1:30  Probe  
  17  1:31  Cybernetics Core  
  18  1:41  Pylon  
  18  1:47  Probe  
  19  2:00  Probe  
  19  2:13  Probe  
  19  2:14  Twilight Council  
  20  2:35  Nexus  
  20  2:48  Probe, Assimilator  
  21  2:59  Dark Shrine  
  21  3:00  Probe  
  22  3:12  Probe (Chrono Boost)  
  23  3:24  Probe (Chrono Boost)  
  24  3:30  Probe (Chrono Boost)  
  24  3:31  Stargate  
  25  3:38  Probe (Chrono Boost)  
  28  3:49  Probe (Chrono Boost)  
  28  3:50  Probe (Chrono Boost)  
  28  3:54  Probe (Chrono Boost)  
  28  3:58  Probe  
  30  4:02  Stargate  
  30  4:05  Probe  
  31  4:11  Probe  
  31  4:13  Assimilator  
  31  4:17  Probe, Dark Templar (Chrono Boost), Assimilator  
  34  4:23  Probe  
  36  4:29  Probe  
  37  4:35  Probe  
  38  4:41  Probe  
  39  4:47  Probe  
  42  4:53  Probe, Dark Templar (Chrono Boost)  
  42  4:54  Gateway  
  42  4:59  Probe  
  44  5:05  Probe  
  45  5:10  Fleet Beacon  
  45  5:11  Probe  
  46  5:15  Pylon  
  46  5:32  Dark Templar  
  46  5:33  Probe x2  
  46  5:34  Pylon  
  50  5:37  Pylon  
  50  5:45  Void Ray (Chrono Boost)  
  54  5:51  Tempest (Chrono Boost)  
  54  5:52  Probe x2  
  61  6:04  Probe  
  62  6:14  Probe  
  62  6:16  Probe  
  62  6:20  Tempest  
  65  6:50  Dark Templar  
  67  7:04  Tempest  
  70  7:08  Nexus  
  70  7:10  Pylon  
  70  7:13  Pylon  
  70  7:16  Forge  
  70  7:28  Carrier  
  76  7:30  Assimilator  
  76  7:32  Assimilator  
  76  7:37  Protoss Air Weapons Level 1  
  76  7:50  Dark Templar x2  
  80  7:51  Nexus  
  80  7:54  Carrier  
  86  8:03  Pylon  
  86  8:05  Pylon  
  86  8:08  Pylon  
  86  8:21  Probe  
  87  8:28  Photon Cannon  
  87  8:31  Photon Cannon x2  
  87  8:33  Probe (Chrono Boost)  
  88  8:34  Photon Cannon  
  88  8:37  Tempest  
  93  8:44  Probe (Chrono Boost)  
  94  8:49  Probe (Chrono Boost)  
  95  8:59  Carrier, Assimilator  
  95  9:00  Probe  
  102  9:03  Assimilator  
  102  9:08  Stargate  
  102  9:12  Probe  
  102  9:14  Void Ray  
  107  9:24  Probe  
  104  9:46  Protoss Air Armor Level 1  
  104  9:54  Probe x2  
  104  9:57  Void Ray  
  104  9:58  Carrier  
  104  9:59  Tempest  
  123  10:10  Probe x2 (Chrono Boost)  
  131  10:17  Mothership (Chrono Boost)  
  131  10:20  Probe (Chrono Boost)  
  133  10:24  Probe (Chrono Boost)  
  133  10:27  Probe (Chrono Boost)  
  134  10:34  Void Ray, Nexus  
  134  10:35  Probe x2 (Chrono Boost), Pylon  
  136  10:38  Pylon  
  136  10:40  Pylon  
  136  10:41  Pylon  
  140  10:42  Probe (Chrono Boost)  
  140  10:43  Pylon  
  140  10:44  Probe (Chrono Boost), Pylon  
  140  10:45  Pylon  
  140  10:47  Pylon  
  140  10:51  Robotics Facility  
  140  10:53  Probe  
  140  10:54  Carrier  
  140  10:56  Void Ray  
  147  11:01  Photon Cannon  
  147  11:03  Photon Cannon  
  151  11:05  Probe  
  151  11:07  Photon Cannon  
  151  11:08  Shield Battery  
  151  11:09  Photon Cannon  
  152  11:17  Probe  
  153  11:23  Flux Vanes  
  153  11:25  Tempest  
  158  11:29  Probe  
  159  11:38  Dark Templar  
  159  11:39  Carrier  
  167  11:41  Probe  
  168  11:53  Probe  
  169  11:59  Carrier, Protoss Air Weapons Level 2 (Chrono Boost)  
  175  12:05  Photon Cannon  
  181  12:08  Carrier  
  181  12:10  Photon Cannon  
  181  12:13  Observer  
  183  12:15  Probe x2  
  183  12:17  Photon Cannon  
  183  12:18  Dark Templar  
  186  12:24  Photon Cannon  
  186  12:25  Shield Battery  
  186  12:27  Probe, Photon Cannon  
  186  12:28  Probe  
  188  12:32  Assimilator  
  188  12:35  Observer  
  188  12:36  Assimilator  
  189  12:37  Void Ray  
  189  12:39  Dark Templar  
  189  12:40  Probe x2  
  197  12:50  Pylon  
  197  12:54  Pylon  
  197  12:56  Observer  
  197  12:57  Pylon, Dark Templar  
  200  13:06  Stargate  
  200  13:09  Stargate  
  200  13:10  Pylon  
  200  13:11  Pylon x2  
  200  13:17  Pylon  
  200  13:19  Pylon  
  195  14:28  Protoss Air Armor Level 2  
  183  14:49  Void Ray x4  
  164  15:34  Carrier  
  164  15:35  Carrier x4  
  186  16:39  Carrier x4  
  200  17:05  Anion Pulse-Crystals  
  184  17:25  Protoss Air Weapons Level 3  
  166  18:25  Void Ray x2  
  148  18:30  Phoenix x3  
  145  18:49  Void Ray x2  
  147  18:55  Carrier  
  146  19:08  Carrier x2  
  130  19:32  Carrier x2  
  130  19:34  Mothership  
  150  19:49  Unknown  
  150  19:59  Carrier  
  156  20:01  Stargate x2  
  156  20:03  Photon Cannon  
  156  20:05  Photon Cannon  
  156  20:06  Void Ray  
  156  20:07  Shield Battery  
  156  20:10  Photon Cannon  
  156  20:12  Carrier  
  166  20:30  Void Ray x2  
  174  20:43  Void Ray  
  178  20:54  Assimilator  
  178  20:58  Void Ray  
  182  21:07  Void Ray x2, Nexus  
  182  21:09  Nexus  
  182  21:11  Pylon  
  182  21:13  Pylon  
  182  21:14  Pylon  
  182  21:16  Tempest  
Show
View Real Time Build Order
Export as new Build Order

Weatherwax Terran 

Build Orders: Reaper Expand 

Get SALT Encoding   

  12  0:00  SCV  
  13  0:12  SCV  
  14  0:18  Supply Depot  
  14  0:24  SCV  
  15  0:39  SCV  
  15  0:41  Barracks  
  16  0:45  Refinery  
  16  0:53  SCV  
  17  1:05  SCV  
  18  1:17  SCV  
  19  1:30  Reaper  
  20  1:34  Orbital Command  
  20  1:48  Command Center  
  20  1:59  Supply Depot  
  20  2:11  SCV  
  20  2:15  Barracks Reactor  
  21  2:27  Factory  
  21  2:28  Barracks  
  21  2:41  SCV  
  21  2:46  Refinery  
  21  2:51  Barracks, Marine  
  21  2:53  SCV  
  21  2:54  Marine  
  24  3:05  SCV  
  25  3:15  Starport, Orbital Command  
  25  3:18  SCV  
  26  3:22  Factory Reactor  
  26  3:23  Barracks Tech Lab  
  26  3:29  Refinery  
  26  3:30  SCV  
  27  3:38  Marine x2  
  27  3:40  Barracks Reactor  
  29  3:42  SCV  
  29  3:44  SCV  
  31  3:54  SCV, Stimpack  
  33  4:02  SCV  
  33  4:03  Marine x3  
  33  4:06  SCV  
  37  4:12  Supply Depot  
  37  4:14  SCV  
  38  4:18  Medivac x2  
  38  4:19  SCV  
  38  4:23  Marine  
  44  4:24  Marine  
  44  4:25  Marine  
  44  4:26  Factory Tech Lab  
  46  4:33  SCV x2, Supply Depot  
  46  4:37  Supply Depot  
  48  4:40  Marine  
  48  4:41  Marine  
  48  4:42  Marine  
  48  4:43  Marine  
  52  4:46  SCV  
  53  4:55  Siege Tank  
  53  4:56  SCV  
  53  4:59  SCV, Supply Depot  
  58  5:02  Marine x2  
  60  5:11  SCV  
  61  5:18  Marine  
  61  5:19  Marine  
  63  5:22  Marine x2  
  63  5:23  Marine  
  63  5:25  SCV  
  63  5:26  SCV  
  68  5:35  Siege Tank  
  71  5:38  Medivac x2  
  71  5:39  SCV x2  
  75  5:51  Marine  
  75  5:52  Marine x2  
  78  6:14  SCV, Marine x2  
  78  6:16  SCV  
  78  6:26  Marine  
  78  6:27  Marine x2  
  78  6:28  Viking  
  78  6:29  Viking  
  78  6:32  Marine x2  
  73  6:44  Marine x2  
  73  6:45  Marine  
  70  6:50  Marine x2  
  68  7:02  Marine x2  
  68  7:11  Engineering Bay, Medivac x2  
  68  7:12  SCV x2  
  74  7:16  Command Center  
  74  7:24  SCV x2, Marine x2  
  78  7:30  Refinery  
  78  7:40  Missile Turret  
  78  7:50  Terran Infantry Weapons Level 1, Missile Turret  
  78  7:51  Combat Shield  
  78  7:56  Marine x4, Supply Depot x2  
  82  7:59  Medivac x2  
  82  8:00  Marine  
  88  8:05  SCV x2  
  88  8:10  Missile Turret  
  89  8:17  Marine x3  
  89  8:18  Marine  
  89  8:19  Marine  
  94  8:39  Marine x5  
  99  8:49  Sensor Tower  
  99  8:55  Barracks x2  
  99  8:56  Marine  
  99  8:57  Marine x3  
  99  9:00  Siege Tank  
  106  9:07  SCV x2  
  108  9:10  Planetary Fortress  
  108  9:19  SCV  
  104  9:40  Missile Turret  
  104  9:42  Marine x2  
  104  9:43  Barracks Reactor, Barracks Tech Lab  
  104  9:44  Terran Infantry Armor Level 1, Marine, Missile Turret  
  104  9:45  Siege Tank  
  110  9:46  Medivac x2  
  110  9:50  Missile Turret  
  114  9:56  Engineering Bay  
  114  9:58  Armory  
  114  10:00  Supply Depot  
  114  10:01  Marine x3, Supply Depot  
  114  10:03  Marauder  
  114  10:05  Marauder  
  121  10:15  Concussive Shells  
  121  10:16  Marine  
  121  10:19  Marine  
  121  10:20  SCV  
  124  10:22  Factory  
  124  10:23  SCV  
  124  10:24  Refinery  
  124  10:25  SCV  
  126  10:32  SCV  
  126  10:34  Marauder, Marine x2  
  131  10:40  SCV x2  
  133  10:43  Viking  
  133  10:48  Viking  
  137  10:53  Terran Vehicle Weapons Level 1  
  137  10:57  SCV  
  137  10:58  SCV  
  137  11:02  Supply Depot x2  
  139  11:07  Supply Depot  
  139  11:08  SCV  
  139  11:09  SCV  
  141  11:12  Factory Tech Lab  
  141  11:14  Siege Tank  
  141  11:15  Marine  
  141  11:16  Marine  
  146  11:18  SCV  
  146  11:22  SCV  
  146  11:23  Refinery  
  146  11:24  SCV  
  149  11:32  Viking x2  
  149  11:37  Siege Tank  
  157  11:40  SCV  
  157  11:41  SCV  
  157  11:42  SCV  
  157  11:46  Marine x2  
  157  11:47  Marine  
  161  11:52  Siege Tank  
  165  11:57  SCV x2  
  165  11:59  Marauder  
  165  12:00  Marauder  
  171  12:01  Marine  
  171  12:03  Marine  
  173  12:11  Supply Depot x2  
  173  12:13  Terran Infantry Weapons Level 2  
  173  12:17  Terran Infantry Armor Level 2  
  173  12:32  Siege Tank  
  173  12:33  Siege Tank  
  173  12:34  Supply Depot  
  173  12:35  Viking, Supply Depot  
  181  12:39  Viking  
  183  13:05  Command Center  
  183  13:11  Marine x2  
  183  13:12  Marine  
  186  13:13  Siege Tank x2  
  186  13:14  Viking x2  
  186  13:15  Sensor Tower  
  196  13:21  Terran Vehicle Weapons Level 2  
  196  13:52  Starport, Marine x2  
  196  13:53  Starport, Marine x2  
  200  13:58  Barracks  
  200  14:01  Barracks  
  200  14:05  Barracks x2  
  156  14:45  Marine  
  156  14:46  Marine x2  
  156  14:47  Viking x2  
  158  14:55  Marine x5  
  163  15:03  Marine  
  163  15:04  Marine x2  
  144  15:12  Marine  
  144  15:13  Marine x4  
  139  15:17  Viking x2  
  128  15:21  Marine  
  128  15:22  Marine x2  
  119  15:30  Marine x2  
  119  15:31  Marine  
  119  15:34  Marine x2  
  112  15:36  Starport Reactor  
  112  15:37  Starport Reactor  
  112  15:39  Barracks Reactor x2, Marine x2  
  112  15:40  Barracks Reactor x2  
  69  16:14  Marine  
  69  16:15  Marine x12  
  69  16:16  Marine, Viking  
  69  16:17  Liberator, Viking x4  
  93  16:21  Marine x2  
  93  16:32  Marine  
  92  16:33  Marine x9  
  92  16:37  Marine  
  96  16:46  Liberator x2  
  72  17:04  Marine x8  
  65  17:22  Marine x8  
  58  17:39  Marine  
  58  17:40  Marine x6  
  58  17:41  Marine  
  63  17:57  Marine  
  46  18:38  Marine x3  
  41  18:55  Orbital Command  
  41  18:59  Marine x2  
  41  19:00  Marine x2  
  45  19:31  Marine x3  
  47  19:40  Marine x2  
  47  19:44  Marine  
  48  19:52  Marine  
  48  19:53  Marine  
  48  19:54  Medivac  
  52  20:03  Orbital Command  
  52  20:08  Marine  
  52  20:09  Marine x5  
  52  20:10  Marine x2  
  60  20:20  Medivac  
  62  20:26  Marine x3  
  62  20:27  Marine  
  63  20:36  Marine x4  
  63  20:44  Marine x3  
  63  20:45  Marine  
  64  20:54  Marine x4  
  62  21:02  Marine x3  
  62  21:03  Marine  
  42  21:11  Marine  
  42  21:12  Marine x3  
  45  21:20  Marine x2  
  45  21:21  Medivac x3  
  50  21:32  Marine x3  
  34  21:33  Marine x2  
  37  21:40  Marine x2  
  37  21:41  Marine  
Show
View Real Time Build Order
Export as new Build Order

Rhano Terran 

Build Orders: 1/1/1 

Get SALT Encoding   

  12  0:01  SCV  
  13  0:13  SCV  
  14  0:18  Supply Depot  
  14  0:25  SCV  
  15  0:32  Refinery  
  15  0:40  SCV  
  16  0:46  Barracks  
  16  0:54  SCV  
  17  1:05  Refinery  
  17  1:06  SCV  
  18  1:18  SCV  
  19  1:34  Marine  
  19  1:35  Orbital Command  
  19  1:37  Factory  
  20  1:52  Marine  
  21  1:58  Supply Depot  
  21  2:05  SCV  
  22  2:09  Marine  
  23  2:26  Starport  
  23  2:28  Factory Tech Lab  
  23  2:32  SCV  
  24  2:44  Marine  
  24  2:46  SCV  
  26  2:54  Supply Depot  
  26  3:11  Fusion Core  
  26  3:12  Widow Mine  
  28  3:14  Viking  
  30  3:28  SCV  
  30  3:31  Command Center  
  31  3:43  SCV  
  32  3:48  Supply Depot  
  32  3:58  Battlecruiser  
  32  4:02  SCV  
  39  4:11  Widow Mine  
  41  4:18  Barracks Reactor  
  41  4:25  Starport  
  41  4:31  Refinery, SCV  
  42  4:39  Factory Tech Lab  
  42  4:43  SCV  
  42  4:45  Refinery, Weapon Refit  
  43  4:53  Orbital Command  
  43  4:55  SCV  
  44  5:02  Siege Tank  
  47  5:10  SCV  
  47  5:11  Bunker  
  48  5:27  SCV  
  48  5:28  SCV  
  50  5:36  Engineering Bay  
  50  5:39  SCV  
  50  5:40  SCV  
  52  5:45  Battlecruiser  
  22  6:42  SCV x2  
  24  6:51  Command Center, Missile Turret  
  24  6:54  SCV x2  
  26  7:06  SCV  
  26  7:07  SCV  
  28  7:19  SCV  
  28  7:21  SCV  
  30  7:33  SCV  
  30  7:34  SCV  
  32  7:39  Missile Turret  
  32  7:45  SCV  
  32  7:48  Missile Turret  
  32  7:50  SCV  
  34  7:57  SCV  
  35  8:02  SCV  
  36  8:06  Orbital Command  
  36  8:09  SCV  
  37  8:14  SCV  
  37  8:15  Siege Tank  
  41  8:21  SCV  
  41  8:26  SCV  
  43  8:34  SCV  
  44  8:38  SCV  
  44  8:39  SCV  
  46  8:46  SCV  
  47  8:48  Viking x2  
  47  8:50  SCV  
  47  8:51  SCV  
  53  8:58  SCV  
  53  8:59  Refinery  
  55  9:02  SCV  
  55  9:03  SCV  
  55  9:08  Armory  
  56  9:10  SCV  
  56  9:14  SCV  
  56  9:15  SCV  
  59  9:20  Battlecruiser  
  65  9:25  Siege Tank  
  68  9:32  SCV x2  
  68  9:34  SCV  
  71  9:44  SCV  
  71  9:45  SCV  
  73  9:55  SCV  
  73  9:57  SCV x2  
  73  9:58  Starport  
  76  10:07  SCV  
  76  10:12  Supply Depot x2  
  76  10:13  Supply Depot  
  77  10:31  Supply Depot x3  
  77  10:33  SCV x3, Raven, Siege Tank  
  85  10:45  SCV x2  
  85  10:46  Orbital Command, Missile Turret  
  87  10:53  Starport Tech Lab  
  87  11:02  SCV x2  
  89  11:05  Refinery, Siege Tank  
  89  11:07  Refinery  
  89  11:08  Terran Ship Weapons Level 1  
  89  11:10  Factory  
  92  11:11  Armory  
  92  11:14  SCV x2  
  92  11:16  Battlecruiser  
  100  11:19  SCV  
  101  11:26  SCV x2  
  101  11:32  SCV, Sensor Tower  
  104  11:34  Missile Turret  
  104  11:38  SCV x2  
  106  11:42  Supply Depot  
  106  11:44  SCV, Supply Depot  
  107  11:50  SCV  
  108  11:56  Battlecruiser  
  108  11:57  SCV x2  
  116  12:03  SCV  
  117  12:09  SCV, Supply Depot  
  117  12:10  Supply Depot  
  118  12:23  Starport  
  118  12:31  Factory Tech Lab  
  118  12:34  Terran Vehicle Weapons Level 1  
  118  12:45  Hi-Sec Auto Tracking  
  118  12:46  Refinery, SCV x3  
  118  12:47  Command Center  
  118  12:50  Supply Depot  
  118  12:51  Refinery, Missile Turret  
  121  12:52  Supply Depot  
  121  12:56  Missile Turret x2  
  121  12:58  SCV x3  
  121  13:02  Supply Depot  
  124  13:06  Supply Depot  
  124  13:10  Starport Tech Lab, Raven, SCV x2  
  124  13:11  SCV, Corvid Reactor  
  129  13:13  Battlecruiser  
  129  13:14  Siege Tank  
  129  13:15  Siege Tank  
  129  13:19  Supply Depot x2  
  141  13:22  SCV  
  141  13:23  Viking x2  
  146  13:39  Battlecruiser  
  152  13:42  Terran Ship Weapons Level 2  
  152  13:49  SCV x3  
  155  13:58  Battlecruiser  
  155  14:01  SCV, Planetary Fortress  
  162  14:06  Missile Turret  
  162  14:07  Missile Turret  
  162  14:08  Command Center  
  162  14:09  Command Center  
  162  14:23  Viking x2, Battlecruiser  
  152  15:08  Viking x2, Battlecruiser x2  
  166  15:27  Battlecruiser  
  166  15:31  Supply Depot  
  166  15:32  Supply Depot  
  166  15:49  Viking x2  
  154  15:50  Refinery  
  154  15:52  Missile Turret  
  154  15:53  Starport  
  154  15:54  Refinery, Starport  
  154  15:57  Terran Vehicle Weapons Level 2, Supply Depot  
  154  16:00  Refinery  
  154  16:03  Missile Turret  
  154  16:04  Refinery, Planetary Fortress  
  154  16:10  Missile Turret  
  154  16:12  Battlecruiser  
  154  16:13  Siege Tank x2  
  154  16:15  Viking  
  168  16:19  Viking x2  
  154  16:48  Viking  
  154  16:49  Viking x5  
  166  17:10  Missile Turret  
  166  17:11  Missile Turret  
  166  17:12  Missile Turret x2  
  166  17:15  Missile Turret x2  
  166  17:16  Viking  
  166  17:17  Missile Turret x3  
  166  17:18  Viking, Missile Turret x2  
  166  17:19  Viking x2, Battlecruiser  
  166  17:20  Viking  
  166  17:21  Viking  
  164  17:46  Viking  
  164  17:48  Viking x2  
  164  17:49  Viking  
  164  17:50  Viking x2  
  164  17:51  Planetary Fortress  
  124  18:16  Viking  
  124  18:18  Viking x2  
  87  18:44  Viking x3  
  72  19:09  Viking x4  
  74  19:14  Viking  
  74  19:15  Viking x2  
  80  19:17  SCV x2  
  78  19:26  Refinery  
  74  19:34  Siege Tank x2  
  80  19:39  Viking x3  
  75  20:00  Viking x4  
  58  20:42  Viking x2  
  62  21:09  Viking  
Tags
 
Add a new tag
Caveats
  • Supply blocks, unpowered buildings, or Contaminate may cause inaccurate times.
  • Supply counts are checked every 10 seconds.